 Dungeon Crawl Stone Soup version 0.17-a0-1636-g3119f2b (webtiles) character file.

292093 urechis the Black Belt (level 19, 0/189 HPs)
             Began as a Troll Monk on Aug 5, 2015.
             Was the Champion of Jiyva.
             Engulfed by a frost giant's freezing vapour (23 damage)
             ... on level 4 of the Depths.
             The game lasted 02:49:57 (43378 turns).

urechis the Black Belt (Troll Monk)                Turns: 43378, Time: 02:49:57

Health: 0/189      AC: 26    Str: 28    XL:     19   Next: 54%
Magic:  0/18       EV: 23    Int:  9    God:    Jiyva [******]
Gold:   3075       SH:  0    Dex: 25    Spells: 0 memorised, 18 levels left

rFire  + + .     SeeInvis .       - Unarmed
rCold  x . .     Clarity  +     A - +0 fire dragon armour
rNeg   + . .     SustAt   .     (no shield)
rPois  +         Gourm    +     (helmet restricted)
rElec  +         Spirit   +     N - +0 cloak {rPois}
rCorr  +         Warding  .     (gloves unavailable)
rMut   .         Stasis   .     (boots unavailable)
MR     ++...                    p - amulet "Fiotiser" {Spirit rN+}
Stlth  +.........               d - +3 ring of slaying
                                R - ring of Saren {MR+ Str+10}

@: mighty, very resistant to hostile enchantments, very unstealthy
A: unfitting armour, claws 3, molten scales 1, rough black scales 1, yellow
scales 1, breathe flames 1, clarity, fast metabolism 3, gourmand, poison
resistance, regeneration 2, shaggy fur 1, electricity resistance, tough skin 2,
eyeballs 1, gelatinous body 2, translucent skin 2, evolution 1, jelly absorbing
missiles
a: Request Jelly, Jelly Paralyse, Slimify, Cure Bad Mutation, Renounce Religion,
Breathe Fire
}: 3/15 runes: decaying, slimy, gossamer


You were on level 4 of the Depths.
You worshipped Jiyva.
Jiyva was exalted by your worship.
You were very full.

You visited 7 branches of the dungeon, and saw 45 of its levels.

You collected 3168 gold pieces.
You spent 93 gold pieces at shops.

Inventory:

Missiles
 v - 7 throwing nets
 F - 65 large rocks (quivered)
Armour
 g - the +0 shield "Jyt Wave" {Str-3 Int+5 Dex+5}
   (You took it off Donald on level 3 of the Pits of Slime)

   It affects your strength (-3).
   It affects your intelligence (+5).
   It affects your dexterity (+5).
 A - a +0 fire dragon armour (worn)
 N - a +0 cloak of poison resistance (worn)
Jewellery
 d - a +3 ring of slaying (right claw)
 p - the amulet "Fiotiser" (around neck) {Spirit rN+}
   (You found it on level 5 of the Dungeon)

   [amulet of guardian spirit]

   It causes incoming damage to be split between your health and magic.
   It protects you from negative energy.
 C - an uncursed ring of protection from magic {unknown}
 P - an uncursed ring of protection from cold
 R - the ring of Saren (left claw) {MR+ Str+10}
   (You found it on level 6 of the Pits of Slime)

   [ring of protection from magic]

   It affects your strength (+10).
   It affects your resistance to hostile enchantments.
 U - an uncursed ring of flight
Magical devices
 a - a wand of digging (13)
 s - a wand of disintegration (15)
 G - a wand of invisibility (5)
 O - a wand of disintegration (14)
Scrolls
 c - 5 scrolls of teleportation
 k - 3 scrolls of silence
 m - 2 scrolls of identify
 o - 2 scrolls of magic mapping
 q - 2 scrolls of fog
 r - a scroll of holy word
 t - 6 scrolls of recharging
 u - 14 scrolls of remove curse
 y - 2 scrolls of enchant weapon
 J - a scroll of fear
 L - 4 scrolls of enchant armour
 M - a scroll of amnesia
 W - 4 scrolls of blinking
Potions
 e - 2 potions of cancellation {unknown}
 f - a potion of agility {unknown}
 h - 6 potions of brilliance
 l - 7 potions of curing
 n - 4 potions of flight
 w - 2 potions of magic {unknown}
 x - 3 potions of ambrosia
 z - 3 potions of poison {unknown}
 D - 3 potions of berserk rage {unknown}
 E - a potion of invisibility {unknown}
 H - 3 potions of lignification {unknown}
 S - a potion of resistance {unknown}
 T - 4 potions of degeneration {unknown}
Comestibles
 b - 12 bread rations
 i - 10 meat rations
 j - 12 fruits
 B - 3 slices of pizza
 I - 2 royal jellies
 K - 9 beef jerkies


   Skills:
 - Level 12.0 Fighting
 + Level 9.0 Throwing
 - Level 15.6 Armour
 - Level 15.7 Dodging
 - Level 1.1 Stealth
 - Level 18.0 Unarmed Combat


You had 18 spell levels left.
You didn't know any spells.

Dungeon Overview and Level Annotations

Branches:
Dungeon (15/15)            Temple (0/1) D:6            Lair (8/8) D:8
  Swamp (4/4) Lair:3       Spider (4/4) Lair:4        Slime (6/6) Lair:7
    Orc (4/4) D:9             Elf (0/3) Orc:4        Vaults (0/5) D:13
 Depths (4/5) D:15

Altars:
Cheibriados
Nemelex Xobeh
Qazlal
Ru
Trog
Yredelemnul
Zin
Beogh
Jiyva

Shops:
D:4 ?%[=   D:5 ?(=(%   D:10 [   D:14 !   Orc:2 =   Orc:4 %(**   Depths:1 :

Portals:
Hell: Depths:1 Depths:2 Depths:3
Abyss: Depths:1 Depths:3
Pandemonium: Depths:1 Depths:3
Ziggurat: Depths:2

Annotations:
Slime:6 Royal Jelly


Innate Abilities, Weirdness & Mutations

You are too large for most types of armour.
You have claws for hands.
Your metabolism is lightning-fast.
You like to eat raw meat.
You heal very quickly.
You are covered in fur (AC +1).
You have very tough skin (AC +2).
You are partially covered in molten scales (AC +1).
You are partially covered in rough black scales (AC +4, Dex -1).
You are partially covered in yellow scales (AC +2).
You can breathe flames.
You possess an exceptional clarity of mind.
Your system is resistant to poisons.
You are resistant to electric shocks.
Your body is partially covered in golden eyeballs (Acc +3).
Your pliable body absorbs attacks (AC +1, EV +1).
Your skin is mostly translucent (Stealth, -foe acc).
You evolve.
You have a small jelly attached to you that may absorb incoming projectiles.


Message History

The quicksilver dragon bites you but does no damage.
The quicksilver dragon claws you.
Unknown command.
Drink which item? (? for menu, Esc to quit)
You feel very mighty all of a sudden. The frost giant misses you.
The quicksilver dragon breathes dispelling energy at you.
The bolt of dispelling energy misses you.
You hear a shout!
You claw the frost giant! You claw the frost giant!!
The frost giant is almost dead.
The quicksilver dragon barely misses you.
The quicksilver dragon closely misses you.
The frost giant points at you and mumbles some strange words.
The bolt of cold hits you!
You feel a terrible chill!
* * * LOW HITPOINT WARNING * * *
You shudder from the blast and a jelly pops out!
Drink which item? (? for menu, Esc to quit)
You feel better.
You are engulfed in freezing vapours.
You die...

....###......≈.#≈##
#..#≈≈≈
.....#..)....≈.#≈≈##
#..####
..C..........≈.#≈≈≈##
#......
(J...?.......≈.#≈8≈≈##
#..####
.......##....≈.#≈≈≈≈≈##
#..#≈≈≈ ...≈..#
#...≈.#≈≈≈≈≈≈#####..#
#≈ .<.≈.#
#..≈.'≈≈≈≈≈≈'..##..# ≈
.<.≈.##
##..≈.CD≈≈≈≈≈'......#
...W..#
##...≈.#@)≈≈≈≈#####..#
.......##....≈.#≈§≈≈≈##
#..#
............e≈.#J8§)##
#..#
.............≈.#≈≈≈##
#...
.....#.......≈.#≈≈##
#.###
....###..D.D.≈.#(## #.#
...## ##....≈≈%### .#
....# #C...≈≈..# .....
....≈≈..##


You could see a frost giant, a quicksilver dragon and a friendly death ooze.

Vanquished Creatures
  Norris (Spider:3)
  Nikola (Spider:2)
  Arachne (Spider:2)
  Jorgrun (Spider:2)
  2 tentacled monstrosities (Depths:2)
  Rupert (D:12)
  A lich (Depths:2)
  A titan (Depths:3)
  A quicksilver dragon (Depths:4)
  3 thorn hunters
  2 tengu reavers (Depths:2)
  4 fire giants
  Donald (Slime:3)
  A balrug (Depths:3)
  3 ghost moths (Spider:4)
  Maud (D:14)
  5 frost giants
  2 orc warlords (Orc:4)
  3 emperor scorpions
  A vampire knight (Depths:2)
  11 very ugly things
  9 stone giants
  Nessos (D:15)
  Azrael (Spider:1)
  4 ettins
  Snorg (D:12)
  A deep elf death mage (Depths:4)
  4 fire dragons
  Josephine (D:15)
  2 rakshasas
  4 vault guards (D:13)
  Harold (Lair:3)
  6 entropy weavers
  4 spriggan air magi
  6 ice dragons
  Erica (Lair:2)
  A ghost crab (Swamp:4)
  A queen ant (Spider:1)
  4 centaur warriors
  An alligator (Swamp:1)
  7 death yaks
  A deep troll earth mage (Depths:1)
  3 spriggan berserkers
  3 tengu warriors (Depths:1)
  7 orc high priests
  Urug (Lair:2)
  2 sun demons (Depths:3)
  2 deep troll shamans
  Nergalle (Lair:3)
  4 iron trolls
  3 wizards
  3 hell knights
  2 unseen horrors
  5 deep trolls
  A golden dragon zombie (Depths:1)
  12 swamp dragons
  2 necromancers
  An unseen horror (shapeshifter) (Depths:3)
  2 phantasmal warriors (Depths:2)
  7 shambling mangroves
  4 orc knights
  A flayed ghost (Depths:4)
  13 orb spiders
  Pikel (D:6)
  7 orc sorcerers
  4 hill giants
  A wolf spider zombie (D:15)
  A griffon (Lair:5)
  11 hornets
  28 ugly things
  19 wolf spiders
  13 elephants
  2 moths of wrath
  A manticore (shapeshifter) (Depths:2)
  3 cyclopes
  2 fire giant skeletons
  Maurice (D:8)
  3 centaur zombies
  Psyche (D:12)
  A torpor snail (Lair:6)
  6 black mambas
  3 gargoyles
  17 yaktaurs
  5 fire drakes
  10 komodo dragons
  24 spiny frogs
  7 spriggan druids
  A spriggan skeleton (Depths:2)
  19 demonic crawlers
  7 trolls
  3 tengu conjurers
  5 two-headed ogres
  18 jumping spiders
  Grinder (D:3)
  8 polar bears (Lair:8)
  9 giant leeches
  5 bog bodies
  26 blink frogs
  An ettin skeleton (Depths:2)
  A deep elf mage (D:15)
  An ice dragon skeleton (Depths:1)
  18 spriggans
  Sigmund (D:3)
  2 ettin zombies
  3 shadows
  6 air elementals (Depths:3)
  42 redbacks
  20 trapdoor spiders
  2 water elementals
  2 fire elementals
  4 wraiths (D:15)
  13 hippogriffs
  A spriggan simulacrum (Depths:2)
  73 yaks
  Eustachio (D:5)
  21 tarantellas
  8 basilisks
  20 vampire mosquitoes
  A steam dragon (Lair:6)
  3 wargs
  30 wolves
  2 hungry ghosts (D:9)
  24 swamp worms
  A soldier ant (shapeshifter) (D:13)
  12 insubstantial wisps
  A mottled dragon (D:14)
  8 soldier ants
  13 water moccasins
  Duvessa (D:4)
  5 hell hounds
  13 spiders
  45 orc warriors
  3 phantoms
  4 ice beasts
  6 sky beasts
  20 porcupines
  11 swamp drakes
  2 boggarts (Depths:2)
  An eye of draining (D:11)
  10 black bears
  18 centaurs
  23 ogres
  26 wasps
  A slave (D:6)
  15 crocodiles
  Blork the orc (D:5)
  17 giant frogs
  Dowan (D:4)
  A wyvern zombie (D:9)
  6 killer bees
  A water moccasin skeleton (D:10)
  5 scorpions
  3 wights (D:9)
  10 electric eels
  4 crimson imps
  4 hounds
  6 centaur skeletons
  3 giant frog zombies
  Crazy Yiuf (D:5)
  37 orc priests
  10 iguanas
  3 jellies
  2 giant frog skeletons
  4 hell rats (Lair:3)
  39 orc wizards
  33 worker ants
  2 killer bee zombies
  28 sheep
  A hound zombie (D:7)
  2 hound skeletons
  2 worker ant zombies
  9 adders
  5 gnolls
  A shadow imp (D:15)
  60 river rats
  2 oozes
  An adder skeleton (D:7)
  An adder zombie (D:7)
  5 worms
  5 giant geckos
  301 orcs
  9 bats
  7 giant cockroaches
  11 goblins
  4 hobgoblins
  9 jackals
  7 quokkas
  A ball python (D:1)
  2 giant gecko skeletons
  5 giant newts
  8 kobolds
  8 rats
  A butterfly (Lair:2)
  3 plants (Lair:8)
1690 creatures vanquished.

Vanquished Creatures (collateral kills)
  A stone giant (Depths:1)
  An ogre mage (Depths:2)
  A vampire mage (Depths:1)
3 creatures vanquished.

Vanquished Creatures (others)
  4 acid blobs
  An azure jelly (Swamp:4)
  A very ugly thing (Depths:2)
  A stone giant (Depths:1)
  An ogre mage (Depths:1)
  A giant orange brain (Depths:2)
  A hydra (D:13)
  An alligator (Swamp:3)
  A centaur warrior (D:15)
  A swamp dragon (Swamp:3)
  A giant orange brain (shapeshifter) (Depths:1)
  2 elephants (Lair:8)
  A shining eye (Slime:6)
  A centaur skeleton (D:14)
  4 yaktaurs
  A fire drake (Swamp:4)
  A jumping spider (Spider:4)
  2 spriggan druids
  2 swamp drakes (Swamp:4)
  2 giant leeches
  58 slime creatures
  A polar bear (Lair:8)
  2 two-headed ogres
  2 blink frogs (Swamp:4)
  3 bog bodies
  A tarantella (Spider:2)
  A redback (Lair:8)
  A spriggan (Lair:8)
  4 yaks
  A vampire mosquito (Swamp:1)
  A swamp worm (Swamp:1)
  A porcupine (Lair:7)
  3 water moccasins
  2 eyes of draining
  2 orc warriors (Orc:4)
  A spider (Spider:3)
  3 boggarts (Depths:2)
  8 ogres
  A tengu (shapeshifter) (D:14)
  3 crocodiles
  A killer bee (D:13)
  217 jellies
  7 orc priests
  A giant frog skeleton (D:8)
  6 orc wizards
  2 worker ants (Spider:1)
  5 sheep (Lair:7)
  A shadow imp (D:14)
  65 orcs
  3 bushes (D:8)
  41 fungi
  47 plants
525 creatures vanquished.

Grand Total: 2218 creatures vanquished

Notes
Turn   | Place    | Note
--------------------------------------------------------------
     0 | D:1      | urechis the Troll Monk began the quest for the Orb.
     0 | D:1      | Reached XP level 1. HP: 22/22 MP: 0/0
    38 | D:1      | Reached XP level 2. HP: 22/29 MP: 1/1
   592 | D:2      | Reached XP level 3. HP: 32/36 MP: 2/2
   813 | D:2      | Reached skill level 5 in Unarmed Combat
  1353 | D:2      | Reached XP level 4. HP: 44/44 MP: 3/3
  1537 | D:3      | Noticed Sigmund
  1552 | D:3      | Killed Sigmund
  1552 | D:3      | Reached skill level 6 in Unarmed Combat
  1552 | D:3      | Reached XP level 5. HP: 16/53 MP: 4/4
  1773 | D:3      | Reached XP level 6. HP: 9/61 MP: 5/5
  2099 | D:3      | Reached skill level 7 in Unarmed Combat
  2145 | D:3      | Noticed Grinder
  2145 | D:3      | Paralysed by Grinder for 3 turns
  2155 | D:3      | Killed Grinder
  2155 | D:3      | Reached XP level 7. HP: 55/70 MP: 6/6
  2409 | D:4      | Noticed Duvessa
  2409 | D:4      | Noticed Dowan
  2416 | D:4      | Killed Duvessa
  2416 | D:4      | Reached skill level 8 in Unarmed Combat
  2426 | D:4      | Killed Dowan
  2531 | D:4      | You fall through a shaft for 2 floors!
  2598 | D:5      | Entered Level 5 of the Dungeon
  2598 | D:5      | Found a bloodstained altar of Trog.
  2598 | D:5      | Found a snail-covered altar of Cheibriados.
  2601 | D:5      | Found a sparkling altar of Nemelex Xobeh.
  2771 | D:5      | Found Ciacoej's Antique Weapon Shop.
  2776 | D:5      | Found Ekaemad's Magic Scroll Shoppe.
  2838 | D:5      | Found Ogare's Jewellery Shop.
  2942 | D:4      | Found Woogiw's Armour Boutique.
  3157 | D:4      | Found Wikoinki's Food Shop.
  3174 | D:4      | Found Yfresho's Magic Scroll Shoppe.
  3273 | D:4      | Found Noxiraw's Jewellery Shop.
  3515 | D:5      | Noticed Blork the orc
  3524 | D:5      | Killed Blork the orc
  3524 | D:5      | Reached XP level 8. HP: 79/79 MP: 7/7
  3600 | D:5      | Reached skill level 9 in Unarmed Combat
  3755 | D:5      | Reached skill level 5 in Fighting
  3765 | D:5      | Noticed Eustachio
  3784 | D:5      | Noticed Crazy Yiuf
  3791 | D:5      | Killed Crazy Yiuf
  3861 | D:5      | Killed Eustachio
  3877 | D:5      | Got a scintillating crystal amulet
  3878 | D:5      | Identified the amulet "Fiotiser" {Spirit rN+} (You found it on level 5 of the Dungeon)
  3896 | D:5      | Found a stormy altar of Qazlal.
  3915 | D:5      | Found Qytu's Food Boutique.
  3972 | D:5      | Found Cistroott's Weapon Shoppe.
  4357 | D:6      | Reached skill level 10 in Unarmed Combat
  4504 | D:6      | Noticed Pikel
  4520 | D:6      | Killed Pikel
  4520 | D:6      | Reached XP level 9. HP: 55/89 MP: 4/8
  4600 | D:6      | Found a staircase to the Ecumenical Temple.
  4787 | D:6      | Reached skill level 11 in Unarmed Combat
  5715 | D:8      | Noticed Maurice
  6152 | D:8      | Reached skill level 12 in Unarmed Combat
  6208 | D:8      | Reached XP level 10. HP: 68/102 MP: 6/9
  6264 | D:8      | Killed Maurice
  6331 | D:8      | Found a staircase to the Lair.
  6516 | D:9      | Reached skill level 13 in Unarmed Combat
  6735 | D:9      | Found a staircase to the Orcish Mines.
  7281 | D:9      | Reached skill level 14 in Unarmed Combat
  7282 | D:9      | Reached XP level 11. HP: 110/113 MP: 7/10
  7565 | D:10     | Entered Level 10 of the Dungeon
  7989 | D:10     | Found Acvix's Armour Boutique.
  8025 | D:10     | Noticed a phantasmal warrior
  8969 | D:11     | Noticed a hill giant
  8994 | D:11     | Killed a hill giant
  9342 | D:11     | Reached skill level 15 in Unarmed Combat
  9774 | D:12     | Noticed Rupert
 10250 | D:12     | Noticed Snorg
 10504 | Lair:1   | Entered Level 1 of the Lair of Beasts
 10971 | Lair:1   | Reached XP level 12. HP: 107/126 MP: 8/11
 11192 | Lair:1   | Reached skill level 10 in Fighting
 11581 | Lair:1   | Reached skill level 16 in Unarmed Combat
 12375 | Lair:2   | Reached skill level 5 in Dodging
 12447 | Lair:2   | Noticed Erica
 12457 | Lair:2   | Killed Erica
 12466 | Lair:2   | Noticed Urug
 12473 | Lair:2   | Killed Urug
 13653 | Lair:3   | Noticed Harold
 13670 | Lair:3   | Killed Harold
 13893 | Lair:3   | Found a staircase to the Swamp.
 14210 | Lair:3   | Noticed Nergalle
 14572 | Lair:3   | Killed Nergalle
 14572 | Lair:3   | Reached XP level 13. HP: 133/133 MP: 12/12
 15135 | Lair:4   | Found a hole to the Spider Nest.
 16026 | Lair:5   | Reached skill level 10 in Dodging
 17683 | Lair:7   | Found a viscous altar of Jiyva.
 17684 | Lair:7   | Found a staircase to the Slime Pits.
 17687 | Lair:7   | Became a worshipper of Jiyva Jockomm the Shapeless
 17687 | Lair:7   | Acquired Jiyva's first power
 17687 | Lair:7   | Acquired Jiyva's second power
 19213 | Lair:3   | Gained mutation: You are robust (+10% HP). [Jiyva's grace]
 19681 | Lair:5   | Acquired Jiyva's third power
 19764 | Lair:6   | Gained mutation: You are partially covered in iridescent scales (AC +4). [Jiyva's grace]
 20364 | Lair:7   | Found a glowing silver altar of Zin.
 20396 | Lair:7   | Noticed an azure jelly
 20396 | Lair:7   | a four-headed hydra changed into an azure jelly
 20499 | Lair:7   | Gained mutation: You are agile. (Dex +2) [Jiyva's grace]
 20710 | Lair:7   | Acquired Jiyva's fourth power
 20718 | Lair:7   | Gained mutation: You can spit weak poison. [Jiyva's grace]
 21138 | Slime:1  | Entered Level 1 of the Pits of Slime
 21143 | Slime:2  | Noticed an acid blob
 21144 | Slime:2  | Noticed an acid blob
 21156 | Slime:2  | Noticed an azure jelly
 21167 | Slime:3  | Noticed Donald
 21181 | Slime:3  | Killed Donald
 21181 | Slime:3  | Reached XP level 14. HP: 100/157 MP: 8/13
 21183 | Slime:3  | Got a shimmering shield
 21190 | Slime:3  | Identified the cursed +0 shield "Jyt Wave" {Str-3 Int+5 Dex+5} (You took it off Donald on level 3 of the Pits of Slime)
 21200 | Slime:4  | Noticed an acid blob
 21221 | Slime:6  | Entered Level 6 of the Pits of Slime
 21249 | Slime:1  | Noticed an azure jelly
 21302 | Lair:8   | Entered Level 8 of the Lair of Beasts
 21674 | Lair:8   | HP: 5/157 [spriggan rider/spear (21)]
 22083 | Lair:8   | Noticed an acid blob
 22083 | Lair:8   | a seven-headed hydra changed into an acid blob
 22089 | Lair:8   | Gained mutation: Armour fits poorly on your strangely shaped body. [Jiyva's grace]
 22264 | Lair:8   | Gained mutation: You are partially covered in molten scales (AC +1). [Jiyva's grace]
 22970 | D:8      | Lost mutation: Armour fits poorly on your strangely shaped body. [Jiyva's grace]
 23374 | D:12     | Paralysed by Rupert for 6 turns
 23392 | D:12     | Killed Rupert
 23431 | D:12     | Gained mutation: Your system is resistant to poisons. [Jiyva's grace]
 23526 | D:12     | Killed Snorg
 23629 | D:12     | Noticed Psyche
 23637 | D:12     | Killed Psyche
 24003 | D:13     | Found a basalt altar of Yredelemnul.
 24252 | D:7      | Gained mutation: You have large cloven feet. [Jiyva's grace]
 24610 | D:13     | Lost mutation: You have large cloven feet. [Jiyva's grace]
 24612 | D:13     | Reached XP level 15. HP: 167/167 MP: 14/14
 24818 | D:13     | Gained mutation: You have sharp toenails. [Jiyva's grace]
 24985 | D:13     | Gained mutation: Your muscles are strong. (Str +2) [Jiyva's grace]
 25177 | D:13     | Reached skill level 17 in Unarmed Combat
 25234 | D:13     | Paralysed by an orc sorcerer for 3 turns
 25242 | D:13     | Found a gate to the Vaults.
 25345 | D:13     | Lost mutation: You are robust (+10% HP). [Jiyva's grace]
 25482 | D:14     | Found a sacrificial altar of Ru.
 25482 | D:14     | Noticed Maud
 25499 | D:14     | Killed Maud
 25573 | D:14     | Lost mutation: Your muscles are strong. (Str +2) [mutagenic meat]
 25574 | D:14     | Gained mutation: Your magical capacity is low (-10% MP). [mutagenic meat]
 25575 | D:14     | Gained mutation: You can spit poison. [mutagenic meat]
 25650 | D:14     | Gained mutation: You are partially covered in yellow scales (AC +2). [Jiyva's grace]
 25893 | D:14     | Found Vusching's Distillery.
 26076 | D:15     | Entered Level 15 of the Dungeon
 26093 | D:15     | Noticed Josephine
 26104 | D:15     | Killed Josephine
 26147 | D:15     | Noticed Nessos
 26162 | D:15     | Killed Nessos
 26182 | D:15     | Gained mutation: Armour fits poorly on your pseudopods. [Jiyva's grace]
 26206 | D:15     | Found a glowing silver altar of Zin.
 26313 | D:15     | Reached skill level 1 in Armour
 26571 | D:15     | Found a staircase to the Depths.
 26934 | D:8      | Lost mutation: Your magical capacity is low (-10% MP). [Jiyva's grace]
 27140 | Lair:7   | Gained mutation: Armour fits poorly on your large pseudopods. [Jiyva's grace]
 27198 | Slime:6  | Noticed an acid blob
 27198 | Slime:6  | Noticed an acid blob
 27200 | Slime:6  | Noticed an acid blob
 27202 | Slime:6  | Gained mutation: You possess an exceptional clarity of mind. [Jiyva's grace]
 27204 | Slime:6  | Noticed the royal jelly
 27205 | Slime:6  | Found a viscous altar of Jiyva.
 27205 | Slime:6  | Noticed an acid blob
 27211 | Slime:6  | Noticed an acid blob
 27220 | Slime:6  | Got a faintly glowing bone ring
 27221 | Slime:6  | Noticed an acid blob
 27221 | Slime:6  | Gained mutation: Your magical capacity is low (-10% MP). [Jiyva's grace]
 27223 | Slime:6  | Got a heavily runed glass ring
 27241 | Slime:6  | Gained mutation: Your flesh is heat resistant. [Jiyva's grace]
 27282 | Slime:6  | Got a slimy rune of Zot
 27294 | Slime:6  | Identified Qoahue's Incunabulum of Arcane Weapons
 27314 | Slime:6  | Noticed an azure jelly
 27363 | Slime:6  | Killed an acid blob
 27372 | Slime:6  | Killed an acid blob
 27434 | Slime:6  | Identified the ring "Xedoos" {Wiz Int+3} (You found it on level 6 of the Pits of Slime)
 27436 | Slime:6  | Identified the ring of Saren {MR+ Str+10} (You found it on level 6 of the Pits of Slime)
 27585 | Swamp:1  | Entered Level 1 of the Swamp
 27660 | Swamp:1  | Gained mutation: You are covered in thick fur (AC +2). [Jiyva's grace]
 27759 | Swamp:1  | Noticed an azure jelly
 27759 | Swamp:1  | a four-headed hydra changed into an azure jelly
 28051 | Swamp:2  | Noticed a thorn hunter
 28279 | Swamp:1  | Reached skill level 18 in Unarmed Combat
 28283 | Swamp:1  | Killed a thorn hunter
 28497 | Swamp:2  | Noticed a thorn hunter
 28505 | Swamp:2  | Killed a thorn hunter
 28523 | Swamp:2  | Reached skill level 5 in Armour
 28566 | Swamp:2  | Noticed a thorn hunter
 28567 | Swamp:2  | Lost mutation: You are agile. (Dex +2) [Jiyva's grace]
 28580 | Swamp:2  | Killed a thorn hunter
 28580 | Swamp:2  | Reached XP level 16. HP: 79/165 MP: 8/13
 28813 | Swamp:2  | Lost mutation: Your magical capacity is low (-10% MP). [Jiyva's grace]
 28886 | Swamp:2  | Lost mutation: You are partially covered in molten scales (AC +1). [Jiyva's grace]
 29375 | Swamp:3  | Lost mutation: You can spit poison. [Jiyva's grace]
 29977 | Swamp:3  | Lost mutation: You have sharp toenails. [Jiyva's grace]
 29985 | Swamp:4  | Entered Level 4 of the Swamp
 30083 | Swamp:3  | Gained mutation: You evolve. [Jiyva's grace]
 30226 | Swamp:4  | Noticed an acid blob
 30226 | Swamp:4  | a five-headed hydra changed into an acid blob
 30340 | Swamp:4  | Killed an acid blob
 30363 | Swamp:3  | Noticed an acid blob
 30363 | Swamp:3  | a seven-headed hydra changed into an acid blob
 30650 | Orc:1    | Entered Level 1 of the Orcish Mines
 30742 | Orc:1    | Lost mutation: Armour fits poorly on your large pseudopods. [Jiyva's grace]
 30745 | Orc:1    | Found a roughly hewn altar of Beogh.
 30768 | Orc:1    | Gained mutation: You have acidic saliva. [Jiyva's grace]
 30792 | Orc:1    | Lost mutation: You possess an exceptional clarity of mind. [Jiyva's grace]
 30927 | Orc:1    | Lost mutation: You evolve. [Jiyva's grace]
 31207 | Orc:1    | Gained mutation: You have supernaturally acute eyesight. [Jiyva's grace]
 31420 | Orc:3    | Lost mutation: You can spit weak poison. [Jiyva's grace]
 31558 | Orc:3    | Gained mutation: You evolve. [Jiyva's grace]
 31851 | Orc:2    | Found Janigoet's Jewellery Emporium.
 31885 | Orc:2    | Lost mutation: You have acidic saliva. [Jiyva's grace]
 31896 | Orc:2    | Gained mutation: You have a small jelly attached to you that may absorb incoming projectiles. [Jiyva's grace]
 31912 | Orc:2    | Gained mutation: Your mind is acute. (Int +2) [Jiyva's grace]
 31971 | Orc:2    | Gained mutation: Your rubbery body absorbs attacks (AC +1). [Jiyva's grace]
 32089 | Orc:4    | Entered Level 4 of the Orcish Mines
 32318 | Orc:3    | Lost mutation: You are partially covered in iridescent scales (AC +4). [Jiyva's grace]
 32335 | Orc:4    | Gained mutation: You have acidic saliva. [Jiyva's grace]
 32376 | Orc:4    | Lost mutation: You evolve. [Jiyva's grace]
 32387 | Orc:4    | Gained mutation: You are covered in slimy tendrils that may disarm your opponents. [Jiyva's grace]
 32465 | Orc:4    | Gained mutation: Your muscles are strong. (Str +2) [Jiyva's grace]
 32484 | Orc:4    | Gained mutation: You are somewhat resistant to further mutation. [Jiyva's grace]
 32521 | Orc:4    | Lost mutation: Your system is resistant to poisons. [Jiyva's grace]
 32556 | Orc:4    | Found a staircase to the Elven Halls.
 32570 | Orc:4    | Gained mutation: Your pliable body absorbs attacks (AC +1, EV +1). [Jiyva's grace]
 32643 | Orc:4    | Gained mutation: You have a pair of small horns on your head. [Jiyva's grace]
 32648 | Orc:4    | Lost mutation: You are somewhat resistant to further mutation. [Jiyva's grace]
 32698 | Orc:4    | Noticed Saint Roka
 32714 | Orc:4    | Lost mutation: You have acidic saliva. [Jiyva's grace]
 32885 | Orc:4    | Slimified Saint Roka
 32885 | Orc:4    | Noticed Saint Roka
 32885 | Orc:4    | Saint Roka changed into Saint Roka the azure jelly
 32885 | Orc:4    | Lost mutation: You have a small jelly attached to you that may absorb incoming projectiles. [Jiyva's grace]
 33080 | Orc:4    | Found Keurgh's Antique Weapon Shoppe.
 33124 | Orc:4    | Found Boemuyta's Food Emporium.
 33153 | Orc:4    | Found a roughly hewn altar of Beogh.
 33446 | Orc:4    | Found Feihilod's Assorted Antiques.
 33450 | Orc:4    | Reached skill level 10 in Armour
 33486 | Orc:4    | Gained mutation: You can spit weak poison. [Jiyva's grace]
 33492 | Orc:4    | Gained mutation: You are partially covered in molten scales (AC +1). [Jiyva's grace]
 33504 | Orc:4    | Found a roughly hewn altar of Beogh.
 33516 | Orc:4    | Gained mutation: Your body is partially covered in golden eyeballs (Acc +3). [Jiyva's grace]
 33528 | Orc:4    | Found Gumpysix's Assorted Antiques.
 33551 | Orc:4    | Lost mutation: Your mind is acute. (Int +2) [Jiyva's grace]
 33553 | Orc:4    | Lost mutation: You have a pair of small horns on your head. [Jiyva's grace]
 33557 | Orc:4    | Bought a scroll of teleportation for 93 gold pieces
 33558 | Orc:4    | Lost mutation: Your pliable body absorbs attacks (AC +1, EV +1). [Jiyva's grace]
 33570 | Orc:4    | Lost mutation: Armour fits poorly on your pseudopods. [Jiyva's grace]
 33604 | Orc:4    | Gained mutation: You have a pair of small horns on your head. [Jiyva's grace]
 33929 | D:9      | Lost mutation: Your muscles are strong. (Str +2) [Jiyva's grace]
 34154 | Swamp:4  | Noticed an acid blob
 34154 | Swamp:4  | a seven-headed hydra changed into an acid blob
 34203 | Swamp:4  | Killed an acid blob
 34233 | Swamp:4  | Noticed an acid blob
 34233 | Swamp:4  | an eight-headed hydra changed into an acid blob
 34246 | Swamp:4  | Got a decaying rune of Zot
 34293 | Swamp:4  | Lost mutation: You can spit weak poison. [Jiyva's grace]
 34873 | Spider:1 | Entered Level 1 of the Spider Nest
 34873 | Spider:1 | Noticed Azrael
 35149 | Spider:1 | Killed Azrael
 35161 | Spider:1 | Gained mutation: You have a small jelly attached to you that may absorb incoming projectiles. [Jiyva's grace]
 35208 | Spider:1 | Reached XP level 17. HP: 172/172 MP: 16/16
 35245 | Spider:1 | Gained mutation: You can breathe flames. [Jiyva's grace]
 35413 | Spider:1 | Gained mutation: You are robust (+10% HP). [Jiyva's grace]
 35728 | Spider:2 | Noticed Nikola
 35737 | Spider:2 | Killed Nikola
 35812 | Spider:2 | Noticed Arachne
 35833 | Spider:2 | Killed Arachne
 36275 | Spider:2 | Lost mutation: You have a pair of small horns on your head. [Jiyva's grace]
 36279 | Spider:2 | Noticed Jorgrun
 36300 | Spider:2 | Killed Jorgrun
 36583 | Spider:3 | Lost mutation: You are covered in slimy tendrils that may disarm your opponents. [Jiyva's grace]
 36874 | Spider:3 | Lost mutation: Your body is partially covered in golden eyeballs (Acc +3). [Jiyva's grace]
 36898 | Spider:3 | Noticed Norris
 36921 | Spider:3 | Killed Norris
 37236 | Spider:4 | Entered Level 4 of the Spider Nest
 37331 | Spider:4 | Lost mutation: You are robust (+10% HP). [Jiyva's grace]
 37597 | Spider:4 | Lost mutation: You have supernaturally acute eyesight. [Jiyva's grace]
 37922 | Spider:4 | Reached skill level 1 in Throwing
 38139 | Spider:4 | Gained mutation: You are covered in slimy tendrils that may disarm your opponents. [Jiyva's grace]
 38405 | Spider:4 | Reached XP level 18. HP: 130/182 MP: 0/17
 38588 | Spider:4 | Got a gossamer rune of Zot
 39081 | Depths:1 | Entered Level 1 of the Depths
 39105 | Depths:1 | Found Ilasmy's Book Boutique.
 39294 | Depths:1 | Found a one-way gate to the infinite horrors of the Abyss.
 39427 | Depths:1 | Lost mutation: Your flesh is heat resistant. [Jiyva's grace]
 39543 | Depths:1 | Gained mutation: You are partially covered in rough black scales (AC +4, Dex -1). [Jiyva's grace]
 39620 | Depths:1 | Found a gateway to Hell.
 39667 | Depths:1 | Gained mutation: You have a pair of small horns on your head. [Jiyva's grace]
 39866 | Depths:1 | Found a one-way gate leading to the halls of Pandemonium.
 40011 | Depths:1 | Lost mutation: You are covered in slimy tendrils that may disarm your opponents. [mutagenic meat]
 40012 | Depths:1 | Gained mutation: You are occasionally teleported to nearby monsters. [mutagenic meat]
 40016 | Depths:1 | Lost mutation: You are occasionally teleported to nearby monsters. [Jiyva's power]
 40038 | Depths:1 | Gained mutation: Your flesh is heat resistant. [Jiyva's grace]
 40232 | Depths:2 | Gained mutation: You occasionally shout uncontrollably at your foes. [potion of mutation]
 40233 | Depths:2 | Lost mutation: You have a small jelly attached to you that may absorb incoming projectiles. [potion of mutation]
 40233 | Depths:2 | Gained mutation: You possess an exceptional clarity of mind. [potion of mutation]
 40234 | Depths:2 | Gained mutation: You evolve. [potion of mutation]
 40235 | Depths:2 | Lost mutation: You occasionally shout uncontrollably at your foes. [Jiyva's power]
 40609 | Depths:2 | Reached skill level 15 in Dodging
 40719 | Depths:2 | Gained mutation: Your pliable body absorbs attacks (AC +1, EV +1). [Jiyva's grace]
 40792 | Depths:2 | Reached skill level 15 in Armour
 40943 | Depths:2 | Gained mutation: Your skin is partially translucent (Stealth, -foe acc). [Jiyva's grace]
 41032 | Depths:2 | Lost mutation: You are covered in thick fur (AC +2). [Jiyva's grace]
 41218 | Depths:2 | Gained mutation: Your skin is mostly translucent (Stealth, -foe acc). [Jiyva's grace]
 41285 | Depths:2 | Lost mutation: You have a pair of small horns on your head. [Jiyva's grace]
 41341 | Depths:2 | Found a gateway to a ziggurat.
 41509 | Depths:2 | Reached XP level 19. HP: 120/189 MP: 13/18
 41531 | Depths:2 | Gained mutation: Your system is resistant to poisons. [mutagenic meat]
 41532 | Depths:2 | Gained mutation: You are resistant to electric shocks. [mutagenic meat]
 41533 | Depths:2 | Gained mutation: Your spells are a little harder to cast, but a little more powerful. [mutagenic meat]
 42028 | Depths:3 | Gained mutation: You have a small jelly attached to you that may absorb incoming projectiles. [Jiyva's grace]
 42248 | Depths:3 | Lost mutation: Your spells are a little harder to cast, but a little more powerful. [Jiyva's grace]
 42324 | Depths:3 | Reached skill level 5 in Throwing
 42454 | Depths:3 | Lost mutation: Your flesh is heat resistant. [Jiyva's grace]
 43070 | Depths:4 | Paralysed by something for 5 turns
 43075 | Depths:4 | Gained mutation: Your body is partially covered in golden eyeballs (Acc +3). [Jiyva's grace]
 43378 | Depths:4 | Engulfed by a frost giant's freezing vapour

Vault maps used:
D:1:      roderic_crossed_star, minmay_misc_feat_pillars
D:2:      hex_tiny, minivault_5
D:3:      uniq_sigmund, uniq_grinder
D:4:      serial_shops, shop_scrolls, kennysheep_little_box,
          kennysheep_mini_moat, shop, first_bread,
          minmay_misc_feat_secret_circle, minmay_bisected, uniq_duvessa
D:5:      nicolae_overflow_hidden_temple, serial_shops,
          nicolae_shop_window_shopping, nicolae_shop_behind_doors,
          nicolae_shop_statue_plus, nicolae_shop_waterfront, shop,
          minmay_misc_feat_roman, grunt_qazlal_clouds, uniq_blork_the_orc,
          uniq_crazy_yiuf_cottage, uniq_eustachio
D:6:      minmay_temple_entry_junction2, uniq_pikel
D:8:      minmay_lair_entry_grove, uniq_maurice
D:9:      erik_orc_3, grunt_ogre_cave
D:10:     serial_shops, nicolae_shop_temple_entry_statues_fountains,
          minmay_three_doors
D:12:     stair_cage_line, uniq_rupert, uniq_psyche, uniq_snorg
D:13:     grunt_vaults_entry_fortified, yredelemnul_altar_generic
D:14:     serial_shops, nicolae_shop_stone, nicolae_ru_awakened_eye, uniq_maud
D:15:     grunt_enter_depths_hoard, serial_glass, glass_columns_b,
          glass_columns_c, glass_columns_a, glass_columns_a, feat_on_display,
          zin_angel, uniq_josephine, uniq_nessos
Lair:1:   serial_bayou, serial_bayou_shore_b, serial_bayou_crossing,
          serial_bayou_pond_c, serial_bayou_lagoon_a, minivault_26,
          grunt_forest_stairs_basic, beast_lair_carwin_10
Lair:2:   bh_autumn_forest_stairs, serial_bayou_shore_a, lemuel_fruit_fields,
          uniq_erica, uniq_urug
Lair:3:   nicolae_swamp_entry_splash_gauntlet, uniq_nergalle, uniq_harold
Lair:4:   nicolae_spider_entry_orb_guardian, beast_lair_carwin_2,
          serial_bayou_shore_b
Lair:5:   minmay_lair_drake_nest, grunt_megastairs_3, infiniplex_staircase_pool
Lair:6:   bobbens_dragon_lair_wall
Lair:7:   dpeg_slime_entry_enclosed_altar, basic_altar
Lair:8:   minmay_lair_end_enchanted_forest
Swamp:1:  hangedman_swamp_pad
Swamp:2:  evilmike_swamp_ruin_house_1, swamp_pool1, st_swamp_mini
Swamp:3:  nicolae_swamp_fairy_circle, swamp_pool1
Swamp:4:  swamp_alternative, swamp_pool4
Spider:1: minmay_another_anthill, uniq_azrael
Spider:2: uniq_nikola, uniq_arachne, uniq_jorgrun
Spider:3: uniq_norris
Spider:4: guppyfry_spider_rune
Slime:3:  uniq_donald
Slime:4:  basic_altar
Orc:1:    basic_altar
Orc:2:    serial_shops, nicolae_shop_trees, amalloy_card_club
Orc:3:    nicolae_orc_pool_cavern
Orc:4:    pubby_orc_utopia
Depths:1: abyss_entry, pan_entry, serial_shops, shop_statue,
          grunt_hell_entry_dis_grunt, nicolae_wwwww, kennysheep_generic_room_6
Depths:2: minmay_dotted_concentric_squares, enter_ziggurat_b, pf_coc_iceberg,
          serial_sigils_hangedman_snap, infiniplex_staircase_zigzag_1,
          firewood_loft
Depths:3: minmay_open_boxes_in_corner, abyss_entry_small_statue_room,
          minmay_misc_feat_square, lightli_too_deep, pan_entry,
          hangedman_decor_cross_pass, infiniplex_staircase_door_maze,
          grunt_megastairs_4
Depths:4: nooodl_heptagram, pf_hell_entry_tar_river, abyss_entry,
          serial_aquarium, aquarium_bridge_long_joined, aquarium_bridge_square,
          aquarium_window_1, aquarium_window_1, aquarium_window_2,
          aquarium_view_2b, aquarium_balcony_1b, aquarium_pool_split,
          uniq_margery

Action                   |  1- 3 |  4- 6 |  7- 9 | 10-12 | 13-15 | 16-18 | 19-21 || total
-------------------------+-------+-------+-------+-------+-------+-------+-------++-------
Melee: Unarmed           |   100 |   119 |   378 |   823 |  1459 |  2211 |   328 ||  5418
Throw: Large rock        |       |       |       |       |       |       |     4 ||     4
Invok: Request Jelly     |       |       |       |       |    19 |     3 |       ||    22
       Slimify           |       |       |       |       |     8 |    16 |       ||    24
       Jelly Paralyse    |       |       |       |       |    11 |     1 |       ||    12
       Cure Bad Mutation |       |       |       |       |       |     2 |       ||     2
 Abil: Evoke Flight      |       |       |       |       |       |     4 |       ||     4
Evoke: Wand              |       |       |       |       |     2 |       |       ||     2
  Use: Scroll            |     2 |     3 |     4 |     5 |    15 |    11 |     1 ||    41
       Potion            |       |       |       |       |     7 |    10 |     3 ||    20
 Stab: Sleeping          |     5 |       |     9 |     4 |    14 |       |       ||    32
       Distracted        |       |       |       |       |     2 |     1 |       ||     3
       Confused          |       |       |       |       |       |     4 |       ||     4
       Held in net/web   |       |       |       |       |       |     1 |       ||     1
  Eat: Chunk             |    10 |    12 |    38 |    74 |    80 |    29 |    13 ||   256
       Fruit             |       |       |       |     1 |     2 |       |       ||     3
